 Seeded DCSS version 0.30-a0-916-g9813417 (webtiles) character file.

Game seed: 4000190087412342808 (custom seed)

119 Geeful the Trooper (level 5, -4/32 HPs)
             Began as a Gargoyle Hexslinger on Apr 6, 2023.
             Slain by Natasha (6 damage)
             ... on level 3 of the Dungeon.
             The game lasted 00:18:04 (1982 turns).

Geeful the Trooper (Gargoyle Hexslinger)            Turns: 1982, Time: 00:18:04

Health: -4/32      AC: 12    Str: 15    XL:     5   Next: 3%
Magic:  6/6        EV:  9    Int: 14    God:
Gold:   67         SH:  0    Dex: 10    Spells: 5/6 levels left

rFire   . . .      SeeInvis .    u - +0 war axe (freeze)
rCold   . . .      Faith    .    (no shield)
rNeg    + . .      Spirit   .    j - +0 scale mail
rPois   ∞          Reflect  .    n - +0 helmet
rElec   +          Rampage  .    (no cloak)
rCorr   .                        (no gloves)
Will    .....                    (no boots) Stlth
                                 (no amulet)
HPRegen 0.25/turn                (no ring)
MPRegen 0.10/turn                (no ring)

@: mighty
A: sickness immunity, AC +4, negative energy resistance 1, electricity
resistance, torment resistance 1, petrification resistance
a: no special abilities


You were on level 3 of the Dungeon.
You visited 1 branch of the dungeon, and saw 3 of its levels.

You collected 122 gold pieces.
You spent 55 gold pieces at shops.

Inventory:

Hand Weapons
 a - a +0 war axe
 b - a +1 sling
 u - a +0 war axe of freezing (weapon)
Missiles
 f - 6 poisoned darts
Armour
 d - a +0 chain mail
 j - a +0 scale mail (worn)
 n - a +0 helmet (worn)
Jewellery
 k - a ring of magical power
 m - a ring of ice
 p - a ring of resist corrosion
Scrolls
 g - a scroll of teleportation {unknown}
 h - a scroll of blinking {unknown}
 q - a scroll of poison
 s - a scroll of vulnerability {unknown}
 t - a scroll of enchant weapon {unknown}
Potions
 c - 2 potions of haste {unknown}
 e - a potion of attraction {unknown}
 i - a potion of berserk rage {unknown}
 l - a potion of brilliance {unknown}
 o - a potion of heal wounds {unknown}
 r - a potion of flight


   Skills:
 + Level 3.6 Fighting
 - Level 2.0 Ranged Weapons
 + Level 3.3 Armour
 - Level 1.5 Dodging
 - Level 1.0 Spellcasting
 - Level 2.6 Hexes


You had 5 spell levels left.
You knew the following spells:

 Your Spells              Type           Power      Damage    Failure   Level
a - Slow                  Hex            32%        N/A       32%         1

Your spell library contained the following spells:

 Spells                   Type           Power      Damage    Failure   Level
 Inner Flame              Hex/Fire       4%         N/A       86%         3
 Portal Projectile        Hex/Tloc       8%         N/A       86%         3
 Cause Fear               Hex            4%         N/A       97%         4


Dungeon Overview and Level Annotations

Branches:
Dungeon (3/15)

Altars:

Shops:
D:1 ?   D:2 [

Annotations:
D:2 exclusion: downstairs
D:3 Natasha


Innate Abilities, Weirdness & Mutations

You are immune to sickness and miasma.
Your stone body is resilient. (AC +4)
You are immune to poison.
You resist negative energy. (rN+)
You are resistant to electric shocks. (rElec)
You are resistant to unholy torment.
You are immune to petrification.


Message History

Natasha completely misses you.
You hit Natasha but do no damage.
Natasha is moderately wounded.
The iron imp disappears in a puff of smoke!
Natasha stares at you and mumbles some strange words.
You resist with some effort. Natasha barely misses you.
You closely miss Natasha.
Natasha is moderately wounded.
Natasha zaps a wand.
The puff of flame hits you.
You closely miss Natasha.
Natasha is moderately wounded.
Natasha claws you but does no damage. Natasha claws you.
* * * LOW HITPOINT WARNING * * *
You closely miss Natasha.
Natasha is moderately wounded.
Natasha claws you.
* * * LOW HITPOINT WARNING * * *
You feel very mighty all of a sudden.
Natasha zaps a wand.
The puff of flame hits you but does no damage.
You barely miss Natasha.
Natasha is moderately wounded.
Natasha casts a spell at you. You resist with some effort.
Natasha closely misses you.
You closely miss Natasha.
Natasha is moderately wounded.
Natasha growls.
Natasha claws you.
* * * LOW HITPOINT WARNING * * *
You closely miss Natasha.
Natasha is moderately wounded.
Natasha claws you but does no damage.
Natasha zaps a wand.
The puff of flame hits you but does no damage.
You barely miss Natasha.
Natasha is moderately wounded.
Natasha claws you but does no damage.
You miss Natasha.
Natasha is moderately wounded.
Natasha claws you.
You die...

#..###..#
.#####...
#.. #..##
...##...
#..###...#
#......
#......[.#
####...
#...†....#
#...
##.#..##.#
..... #
##.##.#
#####.
#.##.##.###
#.
#......@..#
#.
.......#h#.#
#. #.##..#
..#.. ###
....?..
..#..##
.#.#.#
..##... ##
##


You could see Natasha.

Vanquished Creatures
  Natasha (twice) (D:3)
  An adder (D:2)
  A worm (D:3)
  2 dart slugs
  2 orcs
  A ball python (D:2)
  8 bats
  4 endoplasms
  5 giant cockroaches
  A hobgoblin (D:3)
  10 jackals
  2 kobolds
  2 quokkas
  3 frilled lizards
  3 rats
47 creatures vanquished.

Notes
Turn   | Place    | Note
-------+----------+-------------------------------------------
     0 | D:1      | Geeful the Gargoyle Hexslinger began the quest for the Orb.
     0 | D:1      | Reached XP level 1. HP: 12/12 MP: 2/2
   152 | D:1      | Reached skill level 1 in Armour
   176 | D:1      | Found Roojodgh's Magic Scroll Shoppe.
   212 | D:1      | Reached XP level 2. HP: 17/17 MP: 3/3
   312 | D:1      | Bought a scroll of identify for 22 gold pieces
   392 | D:1      | Bought a scroll of noise for 11 gold pieces
   426 | D:1      | Found a faded altar of an unknown god.
   787 | D:2      | Reached XP level 3. HP: 21/21 MP: 4/4
  1130 | D:2      | Found Wipok's Antique Armour Shoppe.
  1302 | D:1      | Bought a scroll of identify for 22 gold pieces
  1403 | D:3      | Reached XP level 4. HP: 27/27 MP: 5/5
  1404 | D:3      | Noticed Natasha
  1416 | D:3      | HP: 2/40 [Natasha/magic dart (3)]
  1429 | D:3      | Killed Natasha
  1435 | D:3      | Noticed Natasha
  1568 | D:3      | Killed Natasha
  1695 | D:3      | Noticed Sigmund
  1797 | D:3      | Reached XP level 5. HP: 25/32 MP: 6/6
  1956 | D:3      | Noticed Natasha
  1979 | D:3      | HP: 1/32 [Natasha (3)]
  1982 | D:3      | Slain by Natasha

Illustrated notes

Levels and vault maps discovered:
D:1:      minmay_arrival_widening_spiral_wide, layout_basic,
          shapermc_ecumenical_altar_mp_highgroup, serial_shops,
          nicolae_square_shop, glass_columns_c
D:2:      layout_basic, serial_shops, nicolae_square_shop, chequers_garden
D:3:      layout_loops_cross, amcnicky_mini_corridor_feature, hex_large,
          uniq_sigmund, uniq_grinder, uniq_natasha

Skill      XL: |  1  2  3  4 |
---------------+-------------+-----
Armour         | 1 2 3 |  3.3
Fighting       | 2 3 |  3.6
Ranged Weapons | |  2.0
Dodging        | |  1.5
Spellcasting   | |  1.0
Hexes          | |  2.6

Action                     |  1- 3 |  4- 6 || total
---------------------------+-------+-------++-------
  Melee: War axe           |       |    50 ||    50
   Fire: Sling             |   114 |    16 ||   130
   Cast: Slow              |     2 |       ||     2
    Use: Scroll            |     4 |       ||     4
         Potion            |       |     7 ||     7
 Armour: Leather armour    |     6 |       ||     6
         Chain mail        |    10 |       ||    10
         Scale mail        |    27 |    42 ||    69
         Skin              |       |    30 ||    30
  Dodge: Dodged            |    44 |    32 ||    76

Table legend: (Time is in decaauts)
 A = Elapsed time spent in this place.
 B = Non-inter-level travel time spent in this place.
 C = Inter-level travel time spent in this place.
 D = Time resting spent in this place.
 E = Time spent auto-exploring this place.
 F = Levels seen in this place.
 G = Mean time per level.
                   A        B        C        D        E       F      G
               +--------+--------+--------+--------+--------+-----+--------+
         Total |   2106 |   1937 |    169 |    111 |   1226 |   3 |  702.0 |
       Dungeon |   2106 |   1937 |    169 |    111 |   1226 |   3 |  702.0 |
               +--------+--------+--------+--------+--------+-----+--------+

Top non-repeatable levels by time:
     D:1: 797 daAuts
     D:2: 738 daAuts
     D:3: 570 daAuts
